 Dungeon Crawl Stone Soup version 0.31-a0-237-g2d982f9f85 (webtiles) character file.

Game seed: 185180166543263652

344 qw the Shooter (level 6, -2/37 HPs)
             Began as a Gargoyle Hexslinger on July 10, 2023.
             Slain by an ogre
             ... wielding a +0 giant club
              (21 damage)
             ... on level 4 of the Dungeon.
             The game lasted 00:01:15 (2834 turns).

qw the Shooter (Gargoyle Hexslinger)                Turns: 2834, Time: 00:01:15

Health: -2/37      AC: 14    Str: 12    XL:     6   Next: 58%
Magic:  7/7        EV: 11    Int: 13    God:
Gold:   2          SH:  0    Dex: 20    Spells: 6/7 levels left

rFire   . . .        Y - +1 orcbow
rCold   . . .        (shield currently unavailable)
rNeg    + . .        f - +4 ring mail
rPois   inf          k - +0 helmet
rElec   +            (no cloak)
rCorr   .            (no gloves)
SInv    .            (no boots)
Will    .....        (no amulet)
Stlth   +            e - +6 ring of dexterity
HPRegen 0.26/turn    (no ring)
MPRegen 0.10/turn

%: no passive effects
@: no status effects
A: sickness immunity, AC +4, negative energy resistance 1, electricity
resistance, torment resistance 1, petrification resistance
a: no special abilities


You were on level 4 of the Dungeon.
You visited 1 branch of the dungeon, and saw 5 of its levels.

You collected 134 gold pieces.
You spent 132 gold pieces at shops.


Innate Abilities, Weirdness & Mutations

You are immune to sickness and miasma.
Your stone body is resilient. (AC +4)
You are immune to poison.
You resist negative energy. (rN+)
You are resistant to electric shocks. (rElec)
You are resistant to unholy torment.
You are immune to petrification.


   Skills:
 + Level 3.0 Fighting
 - Level 6.1 Ranged Weapons
 - Level 1.0 Armour
 - Level 1.5 Dodging
 - Level 1.0 Spellcasting
 - Level 2.6 Hexes


You had 6 spell levels left.
You knew the following spells:

 Your Spells              Type           Power      Damage    Failure   Level
a - Slow                  Hex            28%        N/A       22%         1

Your spell library contained the following spells:

 Spells                   Type           Power      Damage    Failure   Level
 Inner Flame              Hex/Fire       4%         N/A       73%         3
 Portal Projectile        Hex/Tloc       8%         N/A       73%         3
 Cause Fear               Hex            3%         N/A       91%         4

Inventory:

Hand Weapons
 Y - a +1 orcbow (weapon)
Armour
 f - a +4 ring mail (worn)
 k - a +0 helmet (worn)
Jewellery
 e - a +6 ring of dexterity (left hand)
Scrolls
 c - a scroll of identify
 h - a scroll of teleportation
Potions
 a - 3 potions of curing
 b - a potion of degeneration {unknown}
 d - a potion of enlightenment
 g - a potion of cancellation {unknown}
 i - a potion of brilliance {unknown}
 j - a potion of magic {unknown}
 m - a potion of might {unknown}
 n - 2 potions of heal wounds

Dungeon Overview and Level Annotations

Branches:
Dungeon (5/15)
 Temple: D:4-7

Altars:
Makhleb
Qazlal
Uskayaw
Vehumet

Shops:
D:4 !


Message History

The orc barely misses you. The ogre misses you.
The scorpion stings you but does no damage.
The orc closely misses you. The orc hits you but does no damage.
You shoot an arrow. The arrow hits the scorpion!
The scorpion is almost dead.
Your enlightenment fades.
The scorpion barely misses you. The ogre barely misses you.
The scorpion barely misses you.
The orc hits you from afar with a +0 trident.
2829 ||| STAIRDANCE The scorpion stings you but does no damage.
The orc closely misses you. The orc hits you but does no damage.
The ogre barely misses you. The orc wizard casts a spell at you.
You are confused.
You climb upwards.
There is a stone staircase leading down here.
2831 ||| DRINKING 4 potions of curing.
You feel better.
2831 ||| (to cure confusion)
The scorpion barely misses you.
The orc wizard points at you and mumbles some strange words.
You resist with some effort. The orc completely misses you.
The scorpion stings you. The ogre hits you with a +0 giant club!
You shoot an arrow. The arrow hits the scorpion!
You kill the scorpion!
The orc wizard hits you but does no damage.
The orc hits you but does no damage.
Your Ranged Weapons skill increases to level 6!
You shoot an arrow.
The arrow closely misses the orc wizard.
The ogre barely misses you.
The orc wizard hits you but does no damage.
The orc closely misses you.
The orc wizard hits you but does no damage.
The orc barely misses you.
You shoot an arrow. The arrow hits the orc wizard.
The orc wizard is moderately wounded.
The ogre hits you with a +0 giant club!!
Ouch! That really hurt!
You die...

#.##########
#.#########
#.........#
#########.# #.# #.#
#.#
###############.##
####@o...............
#..O.o.##############
#......# # #......# #
####'### # #.# # #.#
############## #.#
#....#........ #.#
#....#.#######


You could see an ogre, an orc wizard and an orc.

Vanquished Creatures
  A scorpion (D:4)
  Natasha (thrice) (D:2)
  2 iguanas (D:4)
  Robin (D:4)
  6 adders
  A worm (D:1)
  4 dart slugs
  7 bats
  6 endoplasms
  2 giant cockroaches
  14 goblins
  10 hobgoblins
  2 jackals (D:1)
  9 kobolds
  2 quokkas
  7 ball pythons
  8 rats
85 creatures vanquished.

Notes
Turn   | Place    | Note
-------+----------+-------------------------------------------
     0 | D:1      | qw the Gargoyle Hexslinger began the quest for the Orb.
     0 | D:1      | Reached XP level 1. HP: 12/12 MP: 2/2
     0 | D:1      | 0 ||| qw: Version: 0.3-a-52-g30416fa
     0 | D:1      | 0 ||| qw: Game counter: 5216
     0 | D:1      | 0 ||| qw: Melee chars always use a shield: true
     0 | D:1      | 0 ||| qw: God list: Okawaru
     0 | D:1      | 0 ||| qw: Allow faded altars: false
     0 | D:1      | 0 ||| qw: Do Orc after clearing Dungeon:15 true
     0 | D:1      | 0 ||| qw: Do second Lair branch before Depths: true
     0 | D:1      | 0 ||| qw: Lair rune preference: random
     0 | D:1      | 0 ||| qw: Goals: Normal
     0 | D:1      | 0 ||| PLANNING D:1-11
    82 | D:1      | Reached XP level 2. HP: 12/16 MP: 3/3
   169 | D:1      | Reached skill level 3 in Ranged Weapons
   393 | D:1      | Reached XP level 3. HP: 21/21 MP: 4/4
   670 | D:1      | 670 ||| UPGRADING to +4 ring mail.
   680 | D:1      | 680 ||| DROPPING +0 robe.
   681 | D:1      | 681 ||| DROPPING +1 robe of cold resistance.
   682 | D:1      | 682 ||| UPGRADING to +0 helmet.
   687 | D:1      | 687 ||| UPGRADING to +6 ring of dexterity.
   688 | D:1      | 688 ||| READING scroll labelled KUCOOT UCIDE.
   689 | D:1      | 689 ||| READING scroll labelled CEUCYSHUUTZ.
   690 | D:1      | 690 ||| DROPPING scroll of poison.
   709 | D:2      | Reached skill level 1 in Armour
   738 | D:2      | Reached XP level 4. HP: 26/26 MP: 5/5
   857 | D:2      | Found a radiant altar of Vehumet.
   947 | D:2      | Noticed Natasha
   953 | D:2      | Killed Natasha
   954 | D:2      | Reached skill level 4 in Ranged Weapons
  1218 | D:2      | Noticed Natasha
  1224 | D:2      | Killed Natasha
  1225 | D:2      | Reached XP level 5. HP: 30/30 MP: 6/6
  1342 | D:2      | Noticed Natasha
  1351 | D:2      | Killed Natasha
  1386 | D:2      | Reached skill level 5 in Ranged Weapons
  1529 | D:2      | 1529 ||| READING scroll labelled CUSHRU IRAIMA.
  1530 | D:2      | 1530 ||| READING scroll labelled TAXIOSKAHY.
  1531 | D:2      | 1531 ||| READING scroll labelled PEAREF IBRIA.
  1534 | D:2      | 1534 ||| READING 3 scrolls labelled ULEFYSCH VUCSI.
  1535 | D:2      | 1535 ||| DRINKING 2 purple potions.
  1536 | D:2      | 1536 ||| DROPPING 2 scrolls of fear.
  1565 | D:3      | Found a burning altar of Makhleb.
  1816 | D:3      | You fall into a shaft and drop 1 floor!
  1901 | D:4      | 1901 ||| SWAPPING to +0 orcbow.
  1907 | D:4      | Reached skill level 3 in Fighting
  1942 | D:4      | 1942 ||| DROPPING +1 sling.
  2011 | D:3      | Found a stormy altar of Qazlal.
  2097 | D:3      | Found a hide-covered altar of Uskayaw.
  2186 | D:4      | Found Soargh's Distillery.
  2194 | D:4      | 2194 ||| BUYING potion of curing (36 gold).
  2194 | D:4      | Bought a potion of curing for 36 gold pieces
  2194 | D:4      | 2194 ||| BUYING potion of curing (36 gold).
  2194 | D:4      | Bought a potion of curing for 36 gold pieces
  2194 | D:4      | 2194 ||| BUYING potion of heal wounds (60 gold).
  2194 | D:4      | Bought a potion of heal wounds for 60 gold pieces
  2194 | D:4      | 2194 ||| SHOPLISTING potion of mutation (96 gold, have 2).
  2338 | D:4      | Reached XP level 6. HP: 37/37 MP: 7/7
  2486 | D:4      | Noticed Robin
  2496 | D:4      | Killed Robin
  2799 | D:4      | 2799 ||| READING scroll labelled DUSUNE YSYW.
  2800 | D:4      | 2800 ||| READING scroll labelled UXKYLI ZAUNOITOV.
  2801 | D:4      | 2801 ||| DRINKING 2 bubbling cyan potions.
  2824 | D:5      | Entered Level 5 of the Dungeon
  2829 | D:5      | 2829 ||| STAIRDANCE
  2831 | D:4      | 2831 ||| DRINKING 4 potions of curing.
  2831 | D:4      | 2831 ||| (to cure confusion)
  2833 | D:4      | Reached skill level 6 in Ranged Weapons
  2834 | D:4      | Slain by an ogre

Levels and vault maps discovered:
D:1:      lightli_arrival_chessboard, layout_loops_ring,
          minmay_misc_feat_columns, minivault_4, nicolae_wormholes
D:2:      layout_basic, basic_altar, minmay_pentomino_x4, uniq_natasha
D:3:      layout_basic, bloody_makhleb, old_standard_altar,
          eat_drink_and_be_merry_uskayaw, chequers_decorated_corner
D:4:      layout_basic, serial_shops, shop, uniq_robin
D:5:      layout_basic, kennysheep_little_box, uniq_ijyb, uniq_blork_the_orc,
          uniq_edmund, uniq_sigmund

Skill      XL: |  1  2  3  4  5  6 |
---------------+-------------------+-----
Ranged Weapons | 3 4 5 6 |  6.1
Fighting       | 2 3 |  3.0
Armour         | 1 |  1.0
Dodging        | |  1.5
Spellcasting   | |  1.0
Hexes          | |  2.6

Action                     |  1- 3 |  4- 6 || total
---------------------------+-------+-------++-------
   Fire: Sling             |    93 |    94 ||   187
         Orcbow            |       |    83 ||    83
    Use: Scroll            |     2 |     6 ||     8
         Potion            |       |     3 ||     3
 Armour: Robe              |     5 |       ||     5
         Ring mail         |     9 |    54 ||    63
  Dodge: Dodged            |    17 |    63 ||    80

Table legend:
 A = Non-vault XP
 B = Vault XP
 C = Vault XP percentage of total XP
 D = Non-vault monster count
 E = Vault monster count
 F = Vault count percentage of total count
                 A         B        C        D         E       F
            +---------+---------+-------+---------+---------+-------
      Total |     412 |      80 |  16.3 |      69 |      16 |  18.8
            +---------+---------+-------+---------+---------+-------
        D:1 |      47 |       5 |   9.6 |      25 |       1 |   3.8
        D:2 |     139 |      40 |  22.3 |      22 |       4 |  15.4
        D:3 |      42 |       0 |   0.0 |      12 |       0 |   0.0
        D:4 |     184 |      35 |  16.0 |      10 |      11 |  52.4
            +---------+---------+-------+---------+---------+-------
